 Dungeon Crawl Stone Soup version 0.17.1-1-g73c8601 (webtiles) character file.

38 zxpr0jk the Chiller (level 3, -6/26 HPs)
             Began as a Draconian Ice Elementalist on Apr 4, 2016.
             Killed from afar by a white imp (8 damage)
             ... with a puff of frost
             ... summoned by Natasha
             ... on level 2 of the Dungeon.
             The game lasted 00:01:55 (619 turns).

zxpr0jk the Chiller (Draconian Ice Elementalist)     Turns: 619, Time: 00:01:55

Health: -6/26      AC:  0    Str:  5    XL:     3   Next: 25%
Magic:  6/6        EV: 20    Int: 15    God:
Gold:   38         SH:  0    Dex: 17    Spells: 1 memorised, 6 levels left

rFire  . . .     SeeInvis .     (weapon currently unavailable)
rCold  . . .     Clarity  .     (armour unavailable)
rNeg   . . .     SustAt   .     (shield currently unavailable)
rPois  .         Gourm    .     (helmet currently unavailable)
rElec  .         Spirit   .     (cloak currently unavailable)
rCorr  .         Warding  .     (gloves currently unavailable)
rMut   .         Stasis   .     (boots currently unavailable)
MR     .....                    (no amulet)
Stlth  ++........               (ring currently unavailable)
                                (ring currently unavailable)

@: bat-form (expiring), flying, very quick, not resistant to hostile
enchantments, unstealthy
A: unfitting armour, (cold-blooded), AC +5
a: no special abilities


You were on level 2 of the Dungeon.
You were not hungry.
You were in bat-form.
You visited 1 branch of the dungeon, and saw 2 of its levels.

You collected 38 gold pieces.

Inventory:

Hand Weapons
 e - a +0 spear
 j - a +0 morningstar (melded)
Wands
 k - a wand of magic darts (20)
Scrolls
 c - a scroll of identify {unknown}
 g - a scroll of enchant armour {unknown}
Potions
 d - a potion of heal wounds {unknown}
 h - a potion of invisibility {unknown}
 i - a potion of curing {unknown}
Books
 a - a book of Frost

   Spells                             Type                      Level
   a - Freeze                         Ice                          1
   b - Throw Frost                    Conjuration/Ice              2
   c - Ozocubu's Armour               Charms/Ice                   3
   d - Throw Icicle                   Conjuration/Ice              4
   e - Summon Ice Beast               Ice/Summoning                4
   f - Condensation Shield            Ice                          4
Comestibles
 b - 2 bread rations
 f - 2 chunks of flesh


   Skills:
 + Level 2.1 Dodging
 - Level 1.7 Stealth
 + Level 2.6 Spellcasting
   Level 1.0 Conjurations
 * Level 3.7 Ice Magic


You had 6 spell levels left.
You knew the following spells:

 Your Spells              Type           Power        Failure   Level  Hunger
a - Freeze                Ice            ##..         6%          1    #......


Dungeon Overview and Level Annotations

Branches:
Dungeon (2/15)

Altars:
Cheibriados

Annotations:
D:2 Natasha


Innate Abilities, Weirdness & Mutations

((Your plain brown scales are hard (AC +5).))
Your body does not fit into most forms of armour.
((You are cold-blooded and may be slowed by cold attacks.))


Message History

You hit Natasha but do no damage.
Natasha is moderately wounded.
Natasha stares at you and mumbles some strange words.
You resist with some effort. The white imp hits you. The white imp freezes you.
Unknown command.
You hit Natasha but do no damage.
Natasha is moderately wounded.
Natasha barely misses you. The white imp hits you.
* * * LOW HITPOINT WARNING * * *
The white imp freezes you.
* * * LOW HITPOINT WARNING * * *
You barely miss Natasha.
Natasha is moderately wounded.
Unknown command.
The white imp misses you.
You can't do that in your present form.
Sorry, you're not good enough to have a special ability.
The white imp gestures at you. The puff of frost hits you!
You die...

#.....................
#.###########.......##
#.......# #.......#
#.......#####.......#
#...................#
#...................#
#...................#
#.5.................##
#.5h.b........รท.......
#.##+#########.##'####
#.##.# #...#.#
#g##.###### #...#.#
#.##.#>...# ##+####
#g##'#.#### #gg.......#
. #......#### .
#[.....# #


You could see Natasha, a crimson imp and a white imp.

Vanquished Creatures
  Natasha (D:2)
  2 bats (D:1)
  2 giant cockroaches (D:1)
  A hobgoblin (D:2)
  2 giant newts
  3 goblins
  A kobold (D:1)
  4 rats (D:1)
16 creatures vanquished.

Notes
Turn   | Place    | Note
--------------------------------------------------------------
     0 | D:1      | zxpr0jk the Draconian Ice Elementalist began the quest for the Orb.
     0 | D:1      | Reached XP level 1. HP: 14/14 MP: 3/3
    54 | D:1      | Found a snail-covered altar of Cheibriados.
   293 | D:1      | Reached XP level 2. HP: 20/20 MP: 5/5
   420 | D:1      | You fall through a shaft!
   480 | D:2      | Noticed Natasha
   488 | D:2      | Killed Natasha
   488 | D:2      | Reached XP level 3. HP: 14/26 MP: 1/6
   573 | D:2      | Noticed Natasha
   614 | D:2      | HP: 1/26 [white imp[Natasha] (5)]
   619 | D:2      | Killed from afar by a white imp

Action                   || total
-------------------------++-------
Melee: Spear             ||    50
       Unarmed           ||    17
       Morningstar       ||     4
 Cast: Freeze            ||     8
 Stab: Sleeping          ||     3
